 Dungeon Crawl Stone Soup version 0.16-a0-2710-g8b41a68 (webtiles) character file.

2 HAL9000 the Sneak (level 1, -1/11 HPs)
             Began as a Vine Stalker Assassin on Nov 26, 2014.
             Slain by a kobold (3 damage)
             ... on level 1 of the Dungeon.
             The game lasted 00:00:13 (42 turns).

HAL9000 the Sneak (Vine Stalker Assassin)             Turns: 42, Time: 00:00:13

Health: -1/11      AC:  3    Str: 13    XL:     1   Next: 30%
Magic:  0/1        EV: 11    Int: 11    God:
Gold:   41         SH:  0    Dex: 15    Spells: 0 memorised, 0 levels left

rFire  . . .     SeeInvis .     a - +2 dagger
rCold  . . .     Clarity  .     c - +0 robe
rNeg   . . .     SustAb   .     (no shield)
rPois  .         Gourm    .     (no helmet)
rElec  .         Spirit   +     d - +0 cloak
rCorr  .         Warding  .     (no gloves)
rMut   .         Stasis   .     (no boots)
MR     .....                    (no amulet)
Stlth  +++.......               (no ring)
                                (no ring)

@: not resistant to hostile enchantments, fairly stealthy
A: fangs 2, regeneration 1, magic shield, antimagic bite, no device heal 3, rot
immunity
a: no special abilities


You were on level 1 of the Dungeon.
You were not hungry.

You visited 1 branch of the dungeon, and saw 1 of its levels.

You collected 41 gold pieces.


Innate Abilities, Weirdness & Mutations

You have extremely sharp teeth.
Your natural rate of healing is unusually fast.
When hurt, damage is shared between your health and your magic reserves.
Your bite disrupts and absorbs the magic of your enemies.
Potions and wands cannot restore your health.
You are immune to rotting.


   Skills:
 - Level 1.7 Fighting
 + Level 2.0 Short Blades
 - Level 1.7 Throwing
 - Level 0.7 Dodging
 - Level 4.8 Stealth


You couldn't memorise any spells.
You didn't know any spells.

Dungeon Overview and Level Annotations

Branches:
Dungeon (1/15)

Altars:

Inventory:

Hand weapons
 a - a +2 dagger (weapon)
 b - a +0 blowgun
Missiles
 e - 8 poisoned needles
 f - 2 curare-tipped needles
Armour
 c - a +0 robe (worn)
 d - a +0 cloak (worn)
Scrolls
 h - a scroll of enchant weapon {unknown}
Comestibles
 g - a bread ration

#.. . .... #.# #... .
#.. #..###.. #.###
#...#...# #.#..
#....... #.#.#
#...... #.#.# #..#.#
#.#.#####@...#..#
#....(((.Kg.....#
#[......#...#..>#
#.#.##..#........
#####.#.##..#.....###
...#.#...........#
#####.#[..##..#.....#
#..........#........
#.###........#####.


You could see a goblin and a kobold.


Message History

You hit the rat.
The rat is severely wounded.
You completely miss the rat.
The rat is severely wounded.
The rat bites you.
You hit the rat.
You kill the rat!
You now have 10 gold pieces.
No target in view!
Found 28 gold pieces.
HP restored.
Found 3 gold pieces.
Found a ring mail.
No target in view!
No target in view!
No target in view!
No target in view!
Found a leather armour and a dagger.
You now have 38 gold pieces (gained 28).
Found a scroll labeled ZOIROA PNAG.
You now have 41 gold pieces (gained 3).
You see here a ring mail.
h - a scroll labeled ZOIROA PNAG You see here a ring mail.
A kobold comes into view.
A kobold is nearby!
Search for what [? for help]? dagger The kobold shouts!
The kobold throws a stone.
The stone hits you.
A goblin comes into view.
The kobold throws a stone.
The stone hits you but does no damage.
You see here a stone.
The kobold throws a stone.
The stone hits you but does no damage.
You see here a stone.
The goblin shouts!
The kobold throws a stone.
The stone hits you but does no damage.
Found a stone staircase leading down.
A goblin comes into view.
You see here a stone.
The kobold hits you but does no damage.
You closely miss the goblin. You bite the goblin. You drain its power.
The goblin is heavily wounded.
The kobold closely misses you. The goblin hits you.
You closely miss the goblin.
The goblin is heavily wounded.
The kobold barely misses you. The goblin hits you.
You closely miss the goblin. You bite the goblin. You drain its power.
You feel invigorated.
The goblin is almost dead.
The kobold closely misses you. The goblin completely misses you.
You closely miss the goblin.
The goblin is almost dead.
The kobold barely misses you. The goblin hits you.
The goblin closely misses you.
You barely miss the goblin.
The goblin is almost dead.
The kobold closely misses you. The goblin barely misses you.
The goblin hits you.
* * * LOW HITPOINT WARNING * * *
You hit the goblin.
You kill the goblin!
Your Short Blades skill increases to level 2!
The kobold barely misses you. The goblin hits you.
* * * LOW HITPOINT WARNING * * *
The kobold hits you.
* * * LOW HITPOINT WARNING * * *
You hit the kobold.
The kobold is moderately wounded.
The kobold hits you.
You die...

Action                   || total
-------------------------++-------
Melee: Dagger            ||    10

Vault maps used:
D:1:      onia_arrival_handbag

Notes
Turn   | Place    | Note
--------------------------------------------------------------
     0 | D:1      | HAL9000, the Vine Stalker Assassin, began the quest for the Orb.
     0 | D:1      | Reached XP level 1. HP: 11/11 MP: 1/1
    40 | D:1      | Reached skill level 2 in Short Blades
    41 | D:1      | HP: 2/11 [kobold (2)]
    42 | D:1      | Slain by a kobold

Vanquished Creatures
  A goblin (D:1)
  A rat (D:1)
2 creatures vanquished.
